 Dungeon Crawl Stone Soup version 0.20.0-9-g8272e65 (webtiles) character file.

114 McKennaii the Skirmisher (level 4, 0/37 HPs)
             Began as a Demonspawn Abyssal Knight on June 3, 2017.
             Was a Believer of Lugonu.
             Slain by a scorpion (4 damage)
             ... on level 2 of the Dungeon.
             The game lasted 00:04:36 (2743 turns).

McKennaii the Skirmisher (DsAK)                     Turns: 2743, Time: 00:04:37

Health: 0/37       AC:  7    Str: 11 (12) XL:     4   Next: 67%
Magic:  5/5        EV: 15    Int: 12 (14) God:    Lugonu [**....]
Gold:   210        SH:  0    Dex: 17 (18) Spells: 3/3 levels left

rFire    . . .     SeeInvis .   a - +1 falchion
rCold    + + .     Gourm    .   (no shield)
rNeg     . . .     Faith    .   n - +2 ring mail {rC+}
rPois    .         Spirit   .   (helmet restricted)
rElec    .         Reflect  .   (no cloak)
rCorr    .         Harm     .   (no gloves)
MR       .....                  (no boots)
Stlth    ++........             (no amulet)
Regen    0.2/turn               f - ring of wizardry
MPRegen  0.1/turn               (no ring)

@: agile, lethally poisoned (0 -> -25)
A: antennae 1, cold resistance 1, rot immunity
a: Depart the Abyss, Bend Space, Renounce Religion


You were on level 2 of the Dungeon.
You worshipped Lugonu.
Lugonu was pleased with you.
You were near starving.

You visited 1 branch of the dungeon, and saw 3 of its levels.
You visited the Abyss 1 time.

You collected 210 gold pieces.

Inventory:

Hand Weapons
 a - a +1 falchion (weapon)
Armour
 n - a +2 ring mail of cold resistance (worn)
Jewellery
 f - a ring of wizardry (left hand)
Scrolls
 b - a scroll of enchant weapon {unknown}
 e - 2 scrolls of remove curse {unknown}
 g - 2 scrolls of immolation {unknown}
 j - 2 scrolls of teleportation {unknown}
 k - 2 scrolls of fog {unknown}
 l - 3 scrolls of magic mapping {unknown}
 m - 2 scrolls of enchant armour {unknown}
 p - 2 scrolls of identify {unknown}
 r - a scroll of noise {unknown}
Comestibles
 c - 2 bread rations
 d - 3 royal jellies


   Skills:
 + Level 3.9 Fighting
 + Level 3.1 Long Blades
 + Level 2.6 Armour
 + Level 1.1 Dodging
 + Level 2.6 Invocations


You had 3 spell levels left.
You didn't know any spells.

Dungeon Overview and Level Annotations

Branches:
Dungeon (3/15)

Altars:
Hepliaklqana
Xom

Annotations:
D:2 Sigmund


Innate Abilities, Weirdness & Mutations

You have a pair of small antennae on your head.
Your flesh is cold resistant. (rC+)
You are immune to rotting.


Message History

You feel sick. The scorpion stings you!
You are more poisoned.
The scorpion poisons you! The scorpion misses you.
You bump into the rock wall.
You feel sick. The scorpion closely misses you.
You bump into the rock wall.
You feel less invigorated.
You feel less confused.
You feel very sick. The scorpion stings you.
* * * LOW HITPOINT WARNING * * *
You completely miss the scorpion.
The scorpion is severely wounded.
* * * LOW HITPOINT WARNING * * *
You feel very sick. The scorpion misses you.
You riposte.
You completely miss the scorpion.
The scorpion is severely wounded.
You hit the scorpion.
The scorpion is almost dead.
* * * LOW HITPOINT WARNING * * *
You feel sick. The scorpion stings you.
You die...

#..### #...#..... ##...#
#.#.#.....
###.####...#.#.##
#..##).###.####
##.##..##..# ## #######
#.##..##.####. #.....#
#......#.###..
#....>######.....).##..#
#.>..ws@...............#
#.....######........####
#.....# #........†...
####### ##..........#
##........###
#.......### #.......##
#####....# ##Z######.#


You could see a worm and a scorpion.

Vanquished Creatures
  An orc wizard (D:3)
  2 adders (D:3)
  An ooze (D:2)
  2 leopard geckos
  5 orcs (D:3)
  2 ball pythons
  7 bats
  4 giant cockroaches
  7 goblins
  8 hobgoblins
  2 kobolds
  4 frilled lizards
  7 rats
52 creatures vanquished.

Notes
Turn   | Place    | Note
-------+----------+-------------------------------------------
     0 | Abyss:1  | McKennaii the Demonspawn Abyssal Knight began the quest for the Orb.
     0 | Abyss:1  | Reached XP level 1. HP: 18/18 MP: 2/2
   141 | Abyss:3  | Noticed a raiju
   141 | Abyss:3  | Noticed a raiju
   141 | Abyss:3  | Noticed a raiju
   143 | D:1      | Escaped the Abyss
   262 | D:1      | Gained mutation: You have a pair of small antennae on your head. [demonic ancestry]
   262 | D:1      | Reached XP level 2. HP: 21/24 MP: 3/3
   304 | D:1      | Reached * piety under Lugonu
   926 | D:2      | Gained mutation: You are immune to rotting. [demonic ancestry]
   926 | D:2      | Reached XP level 3. HP: 19/29 MP: 4/4
   980 | D:2      | Noticed Sigmund
  1235 | D:2      | Found a shimmering altar of Xom.
  1236 | D:2      | Found a hazy altar of Hepliaklqana.
  1236 | D:2      | Noticed a hell beast
  1237 | D:2      | Noticed a spectral ugly thing
  1237 | D:2      | Noticed a hell beast
  1819 | D:3      | Reached ** piety under Lugonu
  1896 | D:3      | Gained mutation: Your flesh is cold resistant. (rC+) [demonic ancestry]
  1896 | D:3      | Reached XP level 4. HP: 27/37 MP: 5/5
  2003 | D:3      | Reached skill level 1 in Dodging
  2743 | D:2      | Slain by a scorpion

Skill      XL: |  1  2  3  4 |
---------------+-------------+-----
Armour         | 2 |  2.6
Long Blades    | 2 3 |  3.1
Dodging        | 1 |  1.1
Fighting       | |  3.9
Invocations    | |  2.6

Action                   |  1- 3 |  4- 6 || total
-------------------------+-------+-------++-------
Melee: Falchion          |   127 |    52 ||   179
Invok: Depart the Abyss  |     1 |       ||     1
  Use: Potion            |     1 |     6 ||     7
  Eat: Chunk             |     2 |     2 ||     4
Armor: Leather armour    |     6 |       ||     6
       Scale mail        |    49 |       ||    49
       Ring mail         |    31 |    32 ||    63
Dodge: Dodged            |    64 |    31 ||    95
       Rpst.: Falchion   |    19 |     5 ||    24
